 Dungeon Crawl Stone Soup version 0.31.0-11-ge490571c62 (webtiles) character file.

Game seed: 6987921163519612794

434 Arcadio the Trooper (level 7, -1/44 HPs)
             Began as a Gargoyle Gladiator on Feb 3, 2024.
             Slain by a river rat (5 damage)
             ... summoned by Eustachio
             ... on level 4 of the Dungeon.
             The game lasted 00:05:08 (3190 turns).

Arcadio the Trooper (Gargoyle Gladiator)            Turns: 3190, Time: 00:05:08

Health: -1/44      AC: 19    Str: 19    XL:     7   Next: 0%
Magic:  7/7        EV:  6    Int:  9    God:
Gold:   113        SH:  0    Dex: 11    Spells: 6/6 levels left

rFire   . . .        p - +0 war axe (flame)
rCold   . . .        (no shield)
rNeg    + . .        k - +0 plate armour
rPois   ∞            c - +0 helmet
rElec   +            r - +0 cloak
rCorr   .            (no gloves)
SInv    .            (no boots)
Will    .....        (no amulet) Stlth
                     (no ring)
HPRegen 0.27/turn    (no ring)
MPRegen 0.10/turn

%: no passive effects
@: no status effects
A: sickness immunity, AC +4, negative energy resistance 1, electricity
resistance, torment resistance 1, petrification resistance
a: no special abilities


You were on level 4 of the Dungeon.
You visited 1 branch of the dungeon, and saw 4 of its levels.

You collected 113 gold pieces.

Inventory:

Hand Weapons
 a - a +0 flail
 p - a +0 war axe of flaming (weapon)
Missiles
 d - 3 throwing nets (quivered)
 e - a javelin
Armour
 b - a +0 leather armour
 c - a +0 helmet (worn)
 k - a +0 plate armour (worn)
 r - a +0 cloak (worn)
Scrolls
 h - 4 scrolls of teleportation
 l - 2 scrolls of immolation {unknown}
 m - a scroll of amnesia {unknown}
 n - a scroll of enchant armour {unknown}
 o - 3 scrolls of brand weapon {unknown}
 q - a scroll of noise {unknown}
 s - a scroll of fog {unknown}
 t - a scroll of revelation {unknown}
Potions
 f - 2 potions of curing
 g - 2 potions of haste
 i - a potion of mutation
 j - 2 potions of attraction
 u - a potion of lignification {unknown}
 v - a potion of heal wounds {unknown}
 w - a potion of brilliance {unknown}


   Skills:
 + Level 5.0 Fighting
 + Level 4.9 Maces & Flails
 - Level 1.7 Throwing
 + Level 4.1 Armour
 - Level 2.4 Dodging


You had 6 spell levels left.
You didn't know any spells.
Your spell library contained the following spells:

 Spells                   Type           Power      Damage    Failure   Level
 Freeze                   Ice            0%         1d3       100%        1
 Slow                     Hex            0%         N/A       100%        1
 Blink                    Tloc           0%         N/A       100%        2
 Lesser Beckoning         Tloc           0%         N/A       100%        2
 Momentum Strike          Conj/Tloc      0%         3d8       100%        2
 Confusing Touch          Hex            0%         N/A       100%        3
 Frozen Ramparts          Ice            0%         1d1       100%        3
 Hailstorm                Conj/Ice       0%         3d5       100%        3
 Sigil of Binding         Hex            0%         N/A       100%        3
 Vampiric Draining        Necr           0%         2d6       100%        3
 Volatile Blastmotes      Fire/Tloc      0%         2d10      100%        3
 Fulminant Prism          Conj/Alch      0%         3d5       100%        4
 Iskenderun's Mystic Bla  Conj/Tloc      0%         2d3       100%        4


Dungeon Overview and Level Annotations

Branches:
Dungeon (4/15)
 Temple: D:4-7

Altars:
Fedhas
Hepliaklqana

Annotations:
D:4 Edmund, Eustachio


Innate Abilities, Weirdness & Mutations

You are immune to sickness and miasma.
Your stone body is resilient. (AC +4)
You are immune to poison.
You resist negative energy. (rN+)
You are resistant to electric shocks. (rElec)
You are resistant to unholy torment.
You are immune to petrification.


Message History

Eustachio barely misses you. The river rat bites you!
The iron imp barely misses you.
The crimson imp shouts, "Leave, thou plume-plucked boil-brained flirt-gill!"
The crimson imp barely misses you.
The river rat twitches its whiskers.
Eustachio hits you but does no damage.
The river rat bites you but does no damage.
The iron imp hits you but does no damage.
You hit Eustachio but do no damage.
Eustachio is severely wounded.
You hit the crimson imp. You closely miss the river rat.
You hit the iron imp but do no damage.
The crimson imp blinks!
Eustachio hits you but does no damage.
The river rat bites you but does no damage.
The iron imp hits you but does no damage.
You miss Eustachio.
Eustachio is severely wounded.
You hit the iron imp. You completely miss the river rat.
You barely miss the river rat.
The river rat bites you but does no damage.
Eustachio hits you but does no damage. The river rat completely misses you.
The crimson imp summons a swarm of flies.
The iron imp hits you but does no damage.
The river rat barely misses you. Eustachio barely misses you.
You closely miss Eustachio.
Eustachio is severely wounded.
You closely miss the river rat. You completely miss the crimson imp.
You barely miss the iron imp. You hit the river rat. You burn the river rat.
The river rat bites you.
The crimson imp hits you but does no damage.
The crimson imp blinks!
The river rat barely misses you. The iron imp barely misses you.
Eustachio hits you but does no damage. The river rat bites you.
* * * LOW HITPOINT WARNING * * *
The crimson imp blinks!
You completely miss Eustachio.
Eustachio is severely wounded.
You barely miss the river rat. You hit the river rat. You burn the river rat.
You hit the iron imp. The river rat bites you.
You die...

#.......... #.@....... #.......5.
. ........ .# #.#.....# . ....
##..##....#.# #......# ##..#
#(.b.#.# #......#
.########..######@§..# #......##
...............§@r.#.# #.......##
#######..†.....5r#...# #[........
####..........#...#####.......
###........5....#...............
#.>....#..................@<....
##.....[...............>.........
.#.....#...#.....................
.###.............................
.....##..##.............#........


You could see Eustachio, an iron imp (summoned), 2 crimson imps, 2 river rats
and a bat (summoned).

Vanquished Creatures
  2 scorpions (D:4)
  3 hounds (D:4)
  2 orc wizards
  6 adders
  6 ribbon worms
  3 dart slugs
  7 orcs
  6 ball pythons
  6 endoplasms
  3 giant cockroaches
  9 hobgoblins
  3 jackals
  A quokka (D:1)
  10 bats
  3 frilled lizards
  6 goblins
  8 kobolds
  7 rats
91 creatures vanquished.

Vanquished Creatures (others)
  An orc wizard (D:3)
1 creature vanquished.

Grand Total: 92 creatures vanquished

Notes
Turn   | Place    | Note
-------+----------+-------------------------------------------
     0 | D:1      | Arcadio the Gargoyle Gladiator began the quest for the Orb.
     0 | D:1      | Reached XP level 1. HP: 12/12 MP: 1/1
   154 | D:1      | Reached XP level 2. HP: 17/18 MP: 2/2
   183 | D:1      | Reached skill level 1 in Armour
   737 | D:2      | Reached XP level 3. HP: 22/22 MP: 3/3
   809 | D:2      | Reached skill level 3 in Fighting
  1009 | D:2      | Reached XP level 4. HP: 25/28 MP: 4/4
  1805 | D:2      | Reached XP level 5. HP: 31/33 MP: 5/5
  2186 | D:3      | Found a faded altar of an unknown god.
  2255 | D:3      | Reached skill level 4 in Fighting
  2336 | D:3      | Found a blossoming altar of Fedhas.
  2381 | D:3      | Found a hazy altar of Hepliaklqana.
  2889 | D:4      | Reached XP level 6. HP: 39/39 MP: 6/6
  2892 | D:4      | Noticed Edmund
  3080 | D:4      | Reached skill level 5 in Fighting
  3136 | D:4      | Reached XP level 7. HP: 43/44 MP: 7/7
  3159 | D:4      | Noticed Eustachio
  3190 | D:4      | Slain by a river rat

Illustrated notes

Levels and vault maps discovered:
D:1:      minmay_arrival_checkered_box, layout_basic, serial_glass,
          glass_columns_b, glass_columns_c, glass_columns_a, glass_columns_b,
          glass_columns_a, glass_columns_a, glass_columns_b, glass_columns_a,
          due_unseen_surprise
D:2:      minmay_thinvault, layout_loops_cross, st_stairs_11,
          grunt_ministairs_11
D:3:      layout_loops_corners, mainiacjoe_overflow_24_doors,
          mainiacjoe_overflow_paths, hellmonk_ecumenical_altar_inner_sanctum,
          hangedman_decor_growths
D:4:      layout_rooms, uniq_edmund, uniq_eustachio, uniq_duvessa

Skill      XL: |  1  2  3  4  5  6 |
---------------+-------------------+-----
Armour         | 1 2 3 4 |  4.1
Fighting       | 3 4 5 |  5.0
Maces & Flails | 4 |  4.9
Throwing       | |  1.7
Dodging        | |  2.4

Action                     |  1- 3 |  4- 6 |  7- 9 || total
---------------------------+-------+-------+-------++-------
  Melee: Flail             |    97 |   142 |       ||   239
         Punch             |       |     1 |       ||     1
         War axe           |       |    67 |    21 ||    88
    Use: Scroll            |     3 |     2 |       ||     5
 Armour: Leather armour    |    59 |       |       ||    59
         Plate armour      |    26 |   243 |    52 ||   321
  Dodge: Dodged            |    72 |    90 |    15 ||   177
